 Dungeon Crawl Stone Soup version 0.27-a0-463-gec7707c53d (webtiles) character file.

Game seed: 14701074430477084477

6563 garrulousMonolith the Thaumaturge (level 11, -4/82 HPs)
             Began as a Gnoll Hedge Wizard on Mar 1, 2021.
             Was a Believer of Okawaru.
             Slain by Snorg (18 damage)
             ... on level 10 of the Dungeon.
             The game lasted 00:29:00 (12294 turns).

garrulousMonolith the Thaumaturge (GnWz)           Turns: 12294, Time: 00:29:00

Health: -4/82      AC: 16    Str: 18    XL:     11   Next: 1%
Magic:  14/24      EV: 14    Int: 14    God:    Okawaru [**....]
Gold:   427        SH:  0    Dex: 12    Spells: 2/29 levels left

rFire    . . .     SeeInvis .   a - +1 dagger (venom)
rCold    . . .     Faith    .   (no shield)
rNeg     . . .     Spirit   .   k - +1 swamp dragon scales
rPois    +         Reflect  .   p - +0 helmet
rElec    .         Harm     .   C - scarf {+Inv}
rCorr    .         Rampage  .   c - +1 pair of gloves {archery}
Will     .....                  z - +2 pair of boots
Stlth    +++.......             y - amulet of magic regeneration
HPRegen  0.23/turn              t - ring of wizardry
MPRegen  0.44/turn              g - +6 ring of strength

@: no status effects
A: distributed training, fangs 1, strong nose
a: Renounce Religion, Evoke Invisibility, Heroism


You were on level 10 of the Dungeon.
You worshipped Okawaru.
Okawaru was pleased with you.
You visited 2 branches of the dungeon, and saw 11 of its levels.

You collected 427 gold pieces.

Inventory:

Hand Weapons
 a - a +1 dagger of venom (weapon)
 b - a +0 trident
 d - a +0 short sword of holy wrath
Missiles
 f - 427 stones
 n - 52 poisoned darts
 x - 6 javelins (quivered)
Armour
 c - a +1 pair of gloves of archery (worn)
 k - +1 swamp dragon scales (worn)
 p - a +0 helmet (worn)
 u - a +3 leather armour
 z - a +2 pair of boots (worn)
 C - a scarf of invisibility (worn)
Jewellery
 g - a +6 ring of strength (right hand)
 t - a ring of wizardry (left hand)
 y - an amulet of magic regeneration (around neck)
Wands
 A - a wand of acid (15)
 B - a wand of iceblast (10)
 D - a wand of polymorph (13)
 E - a wand of random effects (18)
Scrolls
 i - 2 scrolls of fog
 m - 2 scrolls of magic mapping
 o - a scroll of fear
 v - 2 scrolls of enchant weapon
 w - 2 scrolls of teleportation
Potions
 e - 3 potions of heal wounds
 h - 3 potions of curing
 j - 3 potions of mutation
 q - a potion of lignification {unknown}
 s - a potion of cancellation
 F - a potion of might {unknown}
 H - a potion of brilliance {unknown}


   Skills:
 + Level 6.3 Fighting
 + Level 6.3 Short Blades
 + Level 6.3 Long Blades
 + Level 6.3 Axes
 + Level 6.3 Maces & Flails
 + Level 6.3 Polearms
 + Level 6.3 Staves
 + Level 6.3 Slings
 + Level 6.3 Bows
 + Level 6.3 Crossbows
 + Level 6.3 Throwing
 + Level 6.3 Armour
 + Level 7.9 Dodging
 + Level 7.7 Stealth
 + Level 6.3 Shields
 + Level 6.3 Unarmed Combat
 + Level 9.6 Spellcasting
 + Level 5.7 Conjurations
 + Level 5.2 Hexes
 + Level 5.7 Summonings
 + Level 5.2 Necromancy
 + Level 5.7 Translocations
 + Level 5.2 Transmutations
 + Level 5.2 Fire Magic
 + Level 5.2 Ice Magic
 + Level 5.2 Air Magic
 + Level 5.2 Earth Magic
 + Level 5.2 Poison Magic
 + Level 6.9 Invocations
 + Level 6.3 Evocations


You had 2 spell levels left.
You knew the following spells:

 Your Spells              Type           Power        Failure   Level
a - Searing Ray           Conj           44%          1%          2
b - Blink                 Tloc           N/A          1%          2
c - Call Imp              Summ           22%          1%          2
d - Mephitic Cloud        Conj/Pois/Air  21%          2%          3
e - Poisonous Vapours     Pois/Air       42%          1%          2
f - Conjure Flame         Conj/Fire      22%          2%          3
g - Ignite Poison         Fire/Tmut/Pois 21%          2%          3
h - Olgreb's Toxic Radia  Pois           21%          9%          4
i - Sting                 Tmut/Pois      84%          1%          1
j - Magic Dart            Conj           88%          1%          1
k - Iskenderun's Mystic   Conj/Tloc      22%          7%          4

Your spell library contained the following spells:

 Spells                   Type           Power        Failure   Level
 Slow                     Hex            21%          1%          2
 Dazzling Flash           Conj/Hex       44%          2%          3
 Fulminant Prism          Conj/Hex       11%          8%          4


Dungeon Overview and Level Annotations

Branches:
Dungeon (10/15)            Temple (1/1) D:7
   Lair: D:8-11         Orc: D:9-12

Altars:
Ashenzari
Cheibriados
Dithmenos
Elyvilon
Fedhas
Gozag
Hepliaklqana
Kikubaaqudgha
Makhleb
Nemelex Xobeh
Okawaru
Qazlal
Ru
Sif Muna
Trog
Uskayaw
Vehumet
Wu Jian
Xom
Yredelemnul
Zin
The Shining One

Shops:
D:4 (

Annotations:
D:10 Snorg


Innate Abilities, Weirdness & Mutations

Your experience applies equally to all skills.
You have very sharp teeth.
Your uncanny sense of smell can sniff out nearby items.


Message History

Confirm with . or Enter, or press ? or * to list all spells.
A beastly little devil appears in a puff of frigid air.
Casting: Call Imp (safe; 1% risk of failure)
Confirm with . or Enter, or press ? or * to list all spells.
A beastly little devil appears in a puff of frigid air.
Your white imp hits Snorg.
Your white imp freezes Snorg.
Your white imp hits Snorg.
Your white imp freezes Snorg.
Snorg closely misses you. x2; Snorg barely misses you.
Your white imp hits Snorg.
Your white imp freezes Snorg.
Your white imp barely misses Snorg.
Snorg barely misses your white imp. Snorg closely misses your white imp.
Snorg claws your white imp!!
Your white imp dies!
Your white imp misses Snorg.
You see here a +0 short sword.
Your white imp gestures at Snorg.
The puff of frost hits Snorg!
Snorg closely misses your white imp. Snorg claws your white imp!
Your white imp dies!
Snorg rages.
Casting: Call Imp (safe; 1% risk of failure)
Confirm with . or Enter, or press ? or * to list all spells.
Aiming: Poisonous Vapours (safe; 1% risk of failure)
Press: ? - help, Dir - move target, f/p - Snorg
Aim: Snorg (moderately wounded, berserk, very poisoned) Poisonous vapours surround Snorg!
Snorg is engulfed in poison gas.
Snorg looks even sicker.
Snorg bites you. Snorg closely misses you. Snorg claws you.
Casting: Poisonous Vapours (safe; 1% risk of failure)
Confirm with . or Enter, or press ? or * to list all spells.
Aiming: Poisonous Vapours (safe; 1% risk of failure)
Press: ? - help, Dir - move target, f/p - Snorg
Aim: Snorg (heavily wounded, berserk, very poisoned) Poisonous vapours surround Snorg!
Snorg looks as sick as possible!
Snorg misses you. Snorg barely misses you. Snorg claws you!
Snorg is engulfed in poison gas.
Snorg looks as sick as possible!
Snorg bites you. Snorg claws you!
* * * LOW HITPOINT WARNING * * *
Snorg claws you!!
You die...

#.. ...........................
#.# #####..############.......
#.##########..######## #.......
#................................
#.<..<)..........................
#.############..#################
#.# #..#
#.############..#################
#........).....T@................
#..†..)[.........................
#.##.########.########## ######.#
###...# #.# #.#
#.....######.#################..
#.......#........................
#.P.....#......T....o............
........../......................
.................................


You could see Snorg (berserk, extremely poisoned).

Vanquished Creatures
  2 two-headed ogres
  Maggie (D:6)
  A hornet (D:10)
  A troll (D:9)
  Prince Ribbit (D:7)
  A wyvern (D:10)
  A yak (D:9)
  A basilisk (D:10)
  2 orc warriors (D:7)
  2 ice beasts
  3 black bears
  2 sky beasts
  An eye of draining (D:10)
  6 ogres
  2 centaurs (D:8)
  A phantom (D:7)
  4 bullfrogs
  A gnoll sergeant (D:7)
  2 scorpions
  2 howler monkeys (D:10)
  4 wights
  An electric eel (D:8)
  2 jellies (D:5)
  A bullfrog zombie (D:6)
  5 hounds
  2 orc priests
  A centaur zombie (D:8)
  A bullfrog skeleton (D:6)
  A centaur skeleton (D:7)
  An iguana (D:7)
  5 worker ants
  4 orc wizards
  A killer bee zombie (D:9)
  A howler monkey zombie (D:6)
  A worker ant zombie (D:5)
  3 gnolls (D:7)
  8 adders
  4 shadow imps
  2 white imps
  An ufetubus (D:7)
  An ooze (D:1)
  An adder skeleton (D:5)
  2 adder zombies (D:5)
  4 worms
  2 leopard geckos
  15 orcs
  9 bats
  4 giant cockroaches
  4 goblins
  2 hobgoblins
  22 jackals
  12 kobolds
  3 quokkas
  3 ball pythons
  4 frilled lizards
  A jackal skeleton (D:2)
  A jackal zombie (D:6)
  8 rats
184 creatures vanquished.

Vanquished Creatures (collateral kills)
  A phantom (D:5)
  An iguana (D:3)
  An orc (D:3)
  A hobgoblin (D:3)
4 creatures vanquished.

Grand Total: 188 creatures vanquished

Notes
Turn   | Place    | Note
-------+----------+-------------------------------------------
     0 | D:1      | garrulousMonolith the Gnoll Hedge Wizard began the quest
                  | for the Orb.
     0 | D:1      | Reached XP level 1. HP: 13/13 MP: 8/8
   354 | D:1      | Reached XP level 2. HP: 19/19 MP: 7/10
   416 | D:1      | Learned a level 2 spell: Blink
   419 | D:1      | Learned a level 2 spell: Call Imp
  1186 | D:2      | Reached XP level 3. HP: 25/25 MP: 8/11
  1190 | D:2      | Learned a level 3 spell: Mephitic Cloud
  1194 | D:2      | Learned a level 3 spell: Conjure Flame
  1559 | D:2      | Found a glowing silver altar of Zin.
  1655 | D:2      | Reached skill level 1 in Invocations
  2211 | D:2      | Reached skill level 1 in Fighting
  2211 | D:2      | Reached skill level 1 in Short Blades
  2211 | D:2      | Reached skill level 1 in Long Blades
  2211 | D:2      | Reached skill level 1 in Axes
  2211 | D:2      | Reached skill level 1 in Maces & Flails
  2211 | D:2      | Reached skill level 1 in Polearms
  2211 | D:2      | Reached skill level 1 in Staves
  2211 | D:2      | Reached skill level 1 in Slings
  2211 | D:2      | Reached skill level 1 in Bows
  2211 | D:2      | Reached skill level 1 in Crossbows
  2211 | D:2      | Reached skill level 1 in Throwing
  2211 | D:2      | Reached skill level 1 in Armour
  2211 | D:2      | Reached skill level 1 in Shields
  2211 | D:2      | Reached skill level 1 in Unarmed Combat
  2211 | D:2      | Reached skill level 1 in Evocations
  2430 | D:2      | Reached XP level 4. HP: 32/32 MP: 10/13
  2659 | D:3      | Reached skill level 1 in Hexes
  2659 | D:3      | Reached skill level 1 in Necromancy
  2659 | D:3      | Reached skill level 1 in Transmutations
  2659 | D:3      | Reached skill level 1 in Fire Magic
  2659 | D:3      | Reached skill level 1 in Ice Magic
  2659 | D:3      | Reached skill level 1 in Air Magic
  2659 | D:3      | Reached skill level 1 in Earth Magic
  2659 | D:3      | Reached skill level 1 in Poison Magic
  3330 | D:3      | Reached XP level 5. HP: 37/37 MP: 7/14
  3493 | D:3      | Found an ornate altar of the Wu Jian Council.
  4164 | D:4      | Found Qucrih's Antique Weapon Emporium.
  4237 | D:4      | Noticed an ogre
  4261 | D:4      | Killed an ogre
  4651 | D:5      | Entered Level 5 of the Dungeon
  4692 | D:5      | Reached XP level 6. HP: 33/44 MP: 13/16
  4888 | D:5      | Found a snail-covered altar of Cheibriados.
  4908 | D:5      | Reached skill level 5 in Dodging
  5031 | D:5      | Noticed a sky beast
  5057 | D:5      | Killed a sky beast
  5245 | D:5      | Reached XP level 7. HP: 50/50 MP: 11/18
  5644 | D:5      | Reached skill level 5 in Stealth
  5964 | D:5      | Found an ancient bone altar of Kikubaaqudgha.
  5968 | D:5      | Found a stormy altar of Qazlal.
  6241 | D:5      | Reached skill level 5 in Fighting
  6241 | D:5      | Reached skill level 5 in Short Blades
  6241 | D:5      | Reached skill level 5 in Long Blades
  6241 | D:5      | Reached skill level 5 in Axes
  6241 | D:5      | Reached skill level 5 in Maces & Flails
  6241 | D:5      | Reached skill level 5 in Polearms
  6241 | D:5      | Reached skill level 5 in Staves
  6241 | D:5      | Reached skill level 5 in Slings
  6241 | D:5      | Reached skill level 5 in Bows
  6241 | D:5      | Reached skill level 5 in Crossbows
  6241 | D:5      | Reached skill level 5 in Throwing
  6241 | D:5      | Reached skill level 5 in Armour
  6241 | D:5      | Reached skill level 5 in Shields
  6241 | D:5      | Reached skill level 5 in Unarmed Combat
  6241 | D:5      | Reached skill level 9 in Spellcasting
  6241 | D:5      | Reached skill level 5 in Invocations
  6241 | D:5      | Reached skill level 5 in Evocations
  6241 | D:5      | Reached XP level 8. HP: 62/62 MP: 19/21
  6525 | D:6      | Reached XP level 9. HP: 68/68 MP: 22/22
  6589 | D:6      | Learned a level 2 spell: Poisonous Vapours
  6603 | D:6      | Noticed Maggie
  6891 | D:7      | Reached skill level 5 in Conjurations
  6891 | D:7      | Reached skill level 5 in Summonings
  6891 | D:7      | Reached skill level 5 in Translocations
  7009 | D:6      | Killed Maggie
  7222 | D:6      | Found a blossoming altar of Fedhas.
  7411 | D:6      | Found a shadowy altar of Dithmenos.
  7412 | D:6      | Found a shimmering altar of Xom.
  7493 | D:7      | Noticed a two-headed ogre
  7509 | D:6      | Killed a two-headed ogre
  7597 | D:7      | Noticed Prince Ribbit
  7610 | D:7      | Killed Prince Ribbit
  7711 | D:7      | Learned a level 3 spell: Ignite Poison
  7716 | D:7      | Learned a level 4 spell: Olgreb's Toxic Radiance
  7718 | D:7      | Learned a level 1 spell: Sting
  7743 | D:7      | Found a staircase to the Ecumenical Temple.
  7762 | Temple   | Entered the Ecumenical Temple
  8106 | Temple   | Became a worshipper of Warmaster Okawaru
  8138 | D:7      | Reached XP level 10. HP: 76/76 MP: 16/23
  8823 | D:7      | Found a snail-covered altar of Cheibriados.
  8978 | D:8      | Noticed a two-headed ogre
  8984 | D:8      | Killed a two-headed ogre
  8984 | D:8      | Reached * piety under Okawaru
  8985 | D:8      | Reached skill level 5 in Hexes
  8985 | D:8      | Reached skill level 5 in Necromancy
  8985 | D:8      | Reached skill level 5 in Transmutations
  8985 | D:8      | Reached skill level 5 in Fire Magic
  8985 | D:8      | Reached skill level 5 in Ice Magic
  8985 | D:8      | Reached skill level 5 in Air Magic
  8985 | D:8      | Reached skill level 5 in Earth Magic
  8985 | D:8      | Reached skill level 5 in Poison Magic
  9305 | D:8      | Found a radiant altar of Vehumet.
 10200 | D:8      | Learned a level 4 spell: Iskenderun's Mystic Blast
 11305 | D:9      | Found a basalt altar of Yredelemnul.
 11367 | D:9      | Found a shimmering blue altar of Sif Muna.
 11459 | D:10     | Entered Level 10 of the Dungeon
 11474 | D:10     | Reached ** piety under Okawaru
 11904 | D:10     | Reached XP level 11. HP: 81/81 MP: 24/24
 11978 | D:10     | Noticed Snorg
 12060 | D:9      | Learned a level 2 spell: Searing Ray
 12215 | D:9      | Identified a scroll of acquirement
 12215 | D:9      | Acquired a +0 pair of gloves of archery
 12294 | D:10     | Slain by Snorg

Illustrated notes

Levels and vault maps discovered:
D:1:      amcnicky_arrival_wind_blow, layout_loops_cross, serial_forest,
          infiniplex_forest_lined_room_2, infiniplex_forest_clump_small,
          infiniplex_forest_lined_2, infiniplex_forest_straight_5,
          infiniplex_forest_clump_small, infiniplex_forest_lined_corner,
          infiniplex_forest_lined_room_2, infiniplex_forest_zigzag_1,
          columned_hall_lemuel, dk_noncrumbling_3, glass_columns_c,
          bh_walls_and_bars
D:2:      layout_basic, lemuel_crystal_altar
D:3:      layout_basic, nzn_wu_jian_council_hall
D:4:      layout_loops_cross, serial_shops, shop_statue
D:5:      layout_gridville, nicolae_overflow_crystal_walls,
          nicolae_overflow_hidden_temple
D:6:      layout_cave_pools, gammafunk_temple_overflow_statue, fedhas_altar_1,
          uniq_maggie
D:7:      layout_basic, minmay_temple_entry_antechambers, chei_slow_surprise,
          uniq_prince_ribbit1
D:8:      layout_gridville, basic_altar, hangedman_decor_push,
          kennysheep_minor_cross
D:9:      layout_loops_ring, general_overflow_altar, led_sif_pool
D:10:     layout_long_grid, david_lair_generic, uniq_sonja, uniq_snorg
Temple:   nicolae_temple_figure_eight

Skill      XL: |  1  2  3  4  5  6  7  8  9 10 |
---------------+-------------------------------+-----
Conjurations   | 2 4 5 |  5.7
Summonings     | 2 4 5 |  5.7
Translocations | 2 4 5 |  5.7
Invocations    | 1 2 5 6 |  6.9
Fighting       | 1 2 5 6 |  6.3
Short Blades   | 1 2 5 6 |  6.3
Long Blades    | 1 2 5 6 |  6.3
Axes           | 1 2 5 6 |  6.3
Maces & Flails | 1 2 5 6 |  6.3
Polearms       | 1 2 5 6 |  6.3
Staves         | 1 2 5 6 |  6.3
Slings         | 1 2 5 6 |  6.3
Bows           | 1 2 5 6 |  6.3
Crossbows      | 1 2 5 6 |  6.3
Throwing       | 1 2 5 6 |  6.3
Armour         | 1 2 5 6 |  6.3
Shields        | 1 2 5 6 |  6.3
Unarmed Combat | 1 2 5 6 |  6.3
Evocations     | 1 2 5 6 |  6.3
Hexes          | 1 4 5 |  5.2
Necromancy     | 1 4 5 |  5.2
Transmutations | 1 4 5 |  5.2
Fire Magic     | 1 4 5 |  5.2
Ice Magic      | 1 4 5 |  5.2
Air Magic      | 1 4 5 |  5.2
Earth Magic    | 1 4 5 |  5.2
Poison Magic   | 1 4 5 |  5.2
Dodging        | 5 7 |  7.9
Stealth        | 6 7 |  7.7
Spellcasting   | 9 |  9.6

Action                   |  1- 3 |  4- 6 |  7- 9 | 10-12 || total
-------------------------+-------+-------+-------+-------++-------
Melee: Dagger            |    32 |   101 |   135 |   150 ||   418
       Mace              |     1 |       |       |       ||     1
       Bite              |     5 |    10 |    16 |    11 ||    42
       Short sword       |       |     5 |    38 |    30 ||    73
       Punch             |       |       |     3 |    10 ||    13
Throw: Dart              |       |     3 |    18 |       ||    21
       Javelin           |       |       |     2 |     3 ||     5
 Cast: Magic Dart        |    80 |    94 |    63 |    28 ||   265
       Call Imp          |     1 |     9 |    14 |     2 ||    26
       Blink             |       |     1 |     6 |     4 ||    11
       Conjure Flame     |       |     1 |       |       ||     1
       Poisonous Vapours |       |       |    21 |   114 ||   135
       Mephitic Cloud    |       |       |     2 |       ||     2
       Iskenderun's Myst |       |       |       |     8 ||     8
       Ignite Poison     |       |       |       |     1 ||     1
       Searing Ray       |       |       |       |     4 ||     4
Invok: Heroism           |       |       |       |     1 ||     1
  Use: Scroll            |       |     5 |     6 |     6 ||    17
       Potion            |       |     1 |     3 |       ||     4
 Stab: Sleeping          |     2 |     1 |     6 |       ||     9
       Distracted        |       |       |     1 |       ||     1
       Confused          |       |       |     1 |       ||     1
Armor: Robe              |     8 |       |       |       ||     8
       Leather armour    |     5 |    56 |    43 |       ||   104
       Swamp dragon scal |       |       |    11 |    88 ||    99
Dodge: Dodged            |    36 |    76 |   116 |   150 ||   378

Table legend: (Time is in decaauts)
 A = Elapsed time spent in this place.
 B = Non-inter-level travel time spent in this place.
 C = Inter-level travel time spent in this place.
 D = Time resting spent in this place.
 E = Time spent auto-exploring this place.
 F = Levels seen in this place.
 G = Mean time per level.
                   A        B        C        D        E       F      G
               +--------+--------+--------+--------+--------+-----+--------+
         Total |  12196 |  11637 |    559 |   1984 |   7341 |  11 | 1108.7 |
       Dungeon |  11838 |  11290 |    548 |   1984 |   7128 |  10 | 1183.8 |
        Temple |    357 |    346 |     11 |      0 |    213 |   1 |  357.0 |
               +--------+--------+--------+--------+--------+-----+--------+

Top non-repeatable levels by time:
     D:7: 1753 daAuts
     D:5: 1704 daAuts
     D:2: 1372 daAuts
     D:3: 1299 daAuts
     D:9: 1217 daAuts
     D:1: 1209 daAuts
     D:8: 1054 daAuts
     D:6: 1033 daAuts
     D:4: 766 daAuts
    D:10: 428 daAuts
  Temple: 357 daAuts
